Unix NetHack Version 5.0.0-0 post-release - last build Jun 10 2026 00:39:30 (3ee93aec679c4c4259841fe613dc97188e26a321,branch:main).

Game began 2026-06-16 14:28:08, ended 2026-06-16 14:33:02.

CyberFan, lawful female dwarven Archeologist

                  ------    ----
      |           |....|    |..
      |...        -.^..|    |.-              -----
      |           |....+####..|               ...|
                  |....|    |.|                ..|
                  |....|    |.|            -   ..|
                  |.....    |.|            |.  ..|
                  ------    |.|            |r---|-
                            ..|         -+--.@{@.--+- |  |
                            |.|         -...YYrr......-..|
                            |.|       ... --|----.-- -----
                            |.|   ------   .@   |.|
                            |.+   |.{     |(%   +.|
                            |.|   |.      |? ----.|
                            |.-----|----------.{..------+-
                            |..............................|
                            --------------------------------

CyberFan the Digger        St:15 Dx:12 Co:12 In:15 Wi:16 Ch:8  Lawful
Dlvl:7  $:26 HP:0(18) Pw:0(0) AC:10 Xp:1/9 T:824 

Latest messages:
 The door resists!
 In what direction?
 The door closes.
 You hear a door open.
 You hear a door open.
 You hear a door open.
 You hear a door open.
 You hear a door open.
 You hear a door open.
 In what direction?
 The door opens.
 The wererat changes into a human.
 You hear a door open.
 You swap places with the peaceful watchman.
 You hear someone praising Quetzalcoatl.
 In what direction?
 This door is locked.
 You hit the monkey.
 The monkey hits!
 The monkey stole a lichen corpse.
 The monkey tries to run away with your lichen corpse.
 You hit the monkey.
 You hear someone beseeching Quetzalcoatl.
 The monkey hits!
 The monkey takes off your blessed +0 fedora.
 The monkey stole a blessed +0 fedora.
 The monkey tries to run away with your fedora.
 The monkey hits!
 The monkey tries to take your tinning kit but gives up.
 The monkey bites!
 The monkey hits!
 The monkey takes off your blessed +0 leather jacket.
 The monkey stole a blessed +0 leather jacket.
 The monkey tries to run away with your leather jacket.
 The monkey hits!
 The monkey stole a pancake.
 The monkey tries to run away with your pancake.
 You hit the wererat.
 The wererat summons help!
 A sewer rat suddenly appears next to you!
 A rabid rat suddenly appears next to you!
 A sewer rat suddenly appears close by!
 The wererat hits!
 The monkey hits!
 The monkey stole an empty uncursed sack.
 The monkey tries to run away with your sack.
 The rabid rat bites!
 The rabid rat bites!
 You die...
 Kipawa looks at your corpse, shakes his head, and sighs.

Inventory:
 Coins    ('$')
  $ - 26 gold pieces
 Weapons  (')')
  a - an uncursed +2 bullwhip (alternate weapon; not wielded)
 Comestibles  ('%')
  d - 6 uncursed food rations
 Potions  ('!')
  n - an uncursed potion of gain energy
  k - a blessed potion of healing
  l - an uncursed potion of levitation
 Tools    ('(')
  e - an uncursed +0 pick-axe (weapon in right hand)
  i - an uncursed tin opener
  f - an uncursed tinning kit (0:70)
 Gems/Stones  ('*')
  o - an uncursed obsidian stone
  g - an uncursed touchstone

CyberFan the Archeologist's attributes:

Background:
 You were a Digger, a level 1 female dwarven Archeologist.
 You were lawful, on a mission for Quetzalcoatl
 who was opposed by Camaxtli (neutral) and Huhetotl (chaotic).
 You were right-handed.
 You were in the Gnomish Mines, on level 7.
 You entered the dungeon 824 turns ago.
 There was a new moon in effect when your adventure ended.
 You had 9 experience points, 11 more were needed to attain level 2.

Basics:
 You had 0 out of 18 hit points.
 You had no energy points (spell power).
 Your armor class was 10.
 Your wallet contained 26 zorkmids.
 Autopickup was on for '$%?!"=/*' plus thrown, with exceptions.

Final Characteristics:
 Your strength was 15 (limit:18/100).
 Your dexterity was 12 (limit:20).
 Your constitution was 12 (limit:20).
 Your intelligence was 15 (limit:16).
 Your wisdom was 16 (limit:16).
 Your charisma was 8 (limit:16).

Final Status:
 You weren't hungry.
 You were unencumbered.
 You were wielding a pick-axe.
 You had basic skill with pick-axe.
 You weren't wearing any armor.

Final Attributes:
 You were fervently aligned.
 You were level-drain resistant.
 You had automatic searching.
 You had infravision.
 You were a wererat.
 You were harmed by silver.
 You are dead.

Miscellaneous:
 You disabled loading and storing of bones levels.
 Total elapsed playing time was 4 minutes and 54 seconds.

Major events:
 Turn
    1: CyberFan the lawful female dwarven Archeologist entered the dungeon
  658: entered the Gnomish Mines
  779: reached Mine Town
  824: killed by a rabid rat

Spells:
 Name                 Level Category     Fail Retention
 create familiar        6   clerical     100%  76%-100%

Skills:
 Fighting Skills
   bare handed combat [Unskilled]
   two weapon combat  [Unskilled]
   riding             [Unskilled]
 Weapon Skills
   dagger             [Unskilled]
   knife              [Unskilled]
   pick-axe           [Basic]
   short sword        [Unskilled]
   saber              [Unskilled]
   club               [Unskilled]
   quarterstaff       [Unskilled]
   sling              [Unskilled]
   dart               [Unskilled]
   boomerang          [Unskilled]
   whip               [Basic]
   unicorn horn       [Unskilled]
 Spellcasting Skills
   attack spells      [Unskilled]
   healing spells     [Unskilled]
   divination spells  [Unskilled]
   matter spells      [Unskilled]

Voluntary challenges:
 Character rerolling was not enabled.
 You never genocided any monsters.
 You never polymorphed an object.
 You never changed form.
 You used no wishes.
Achievements:
 You entered the Gnomish Mines.
 You entered Minetown.

 The Dungeons of Doom: levels 1 to 3
    Level 1:
       Some fountains.
    Level 2:
       Some fountains.
    Level 3:
       Stairs down to The Gnomish Mines.
 The Gnomish Mines: levels 4 to 7
    Level 4:
    Level 5:
    Level 6:
    Level 7: <- You were here.
       Some fountains, a sink.
       Final resting place for
          you, killed by a rabid rat.


Vanquished creatures:
  a gecko
  5 jackals
  a grid bug
  a lichen
8 creatures vanquished.

No species were genocided or became extinct.

Game over:
                       ----------
                      /          \
                     /    REST    \
                    /      IN      \
                   /     PEACE      \
                  /                  \
                  |     CyberFan     |
                  |      26 Au       |
                  |   killed by a    |
                  |    rabid rat     |
                  |                  |
                  |                  |
                  |       2026       |
                 *|     *  *  *      | *
        _________)/\\_//(\/(/\)/\//\/|_)_______

Goodbye CyberFan the Archeologist...

You died in The Gnomish Mines on dungeon level 7 with 360 points,
and 26 pieces of gold, after 824 moves.
You were level 1 with a maximum of 18 hit points when you died.

